 Dungeon Crawl Stone Soup version 0.30.0-29-ga12c61a403 (webtiles) character file.

Game seed: 7518094397503754344

63 seaoflcl the Slasher (level 4, 0/35 HPs)
             Began as a Human Fighter on June 4, 2023.
             Succumbed to Sigmund's poison
             ... on level 3 of the Dungeon.
             The game lasted 00:01:50 (1281 turns).

seaoflcl the Slasher (Human Fighter)                Turns: 1281, Time: 00:01:51

Health: 0/35       AC:  6    Str: 18    XL:     4   Next: 31%
Magic:  4/4        EV:  8    Int:  9    God:
Gold:   96         SH:  8    Dex: 12    Spells: 3/3 levels left

rFire   . . .        a - +0 long sword
rCold   . . .        m - +0 kite shield
rNeg    . . .        b - +0 scale mail
rPois   .            (no helmet)
rElec   .            (no cloak)
rCorr   .            (no gloves)
SInv    .            (no boots)
Will    .....        (no amulet) Stlth
                     (no ring)
HPRegen 0.25/turn    (no ring)
MPRegen 0.09/turn

%: no passive effects
@: lethally poisoned (0 -> -15)
A: no striking features
a: no special abilities


You were on level 3 of the Dungeon.
You visited 1 branch of the dungeon, and saw 3 of its levels.

You collected 96 gold pieces.

Inventory:

Hand Weapons
 a - a +0 long sword (weapon)
Missiles
 c - 3 poisoned darts
 e - 3 javelins (quivered)
Armour
 b - a +0 scale mail (worn)
 m - a +0 kite shield (worn)
Scrolls
 g - 2 scrolls of fear {unknown}
 h - a scroll of torment {unknown}
 j - 2 scrolls of identify {unknown}
 n - a scroll of fog {unknown}
 o - a scroll of teleportation {unknown}
Potions
 d - a potion of might
 f - 2 potions of curing {unknown}
 i - 2 potions of heal wounds {unknown}
 k - a potion of magic {unknown}
 l - 2 potions of mutation {unknown}


   Skills:
 - Level 3.2 Fighting
 + Level 3.6 Long Blades
 - Level 3.2 Armour
 - Level 3.2 Shields


You had 3 spell levels left.
You didn't know any spells.
Your spell library contained the following spells:

 Spells                   Type           Power      Damage    Failure   Level
 Kiss of Death            Conj/Necr      0%         2d5       98%         1
 Shock                    Conj/Air       0%         1d3       98%         1
 Confusing Touch          Hex            0%         N/A       100%        3
 Swiftness                Air            0%         N/A       100%        3
 Airstrike                Air            0%         2d(0-16)  100%        4
 Dispel Undead            Necr           0%         3d6       100%        4


Dungeon Overview and Level Annotations

Branches:
Dungeon (3/15)

Altars:

Annotations:
D:2 Sigmund


Message History

A kobold is nearby!
The kobold throws a stone.
You block the stone.
There is a stone staircase leading down here.
Sigmund the Dreaded comes into view.
He is wielding a +0 scythe of venom and wearing a +0 robe of cold resistance.
You closely miss the kobold.
Sigmund casts a spell.
Sigmund flickers and vanishes!
Deactivating autopickup; reactivate with Ctrl-A.
The kobold hits you but does no damage. You block the kobold's attack.
You barely miss the kobold. You block the kobold's attack.
You closely miss the kobold. The kobold hits you but does no damage.
The kobold barely misses you.
You closely miss the kobold. You block something's attack.
The kobold hits you with a +0 dagger.
You hit the kobold.
The kobold is moderately wounded.
The kobold hits you but does no damage.
A giant cockroach comes into view.
Something hits you.
You are poisoned.
You block the kobold's attack.
You barely miss the kobold.
The kobold is moderately wounded.
You feel very sick. Something hits you.
You are lethally poisoned!
You block the kobold's attack.
You hit the kobold.
You kill the kobold!
You feel very sick. Something hits you.
You are more poisoned.
* * * LOW HITPOINT WARNING * * *
You feel very sick.
There is a stone staircase leading down here.
* * * LOW HITPOINT WARNING * * *
You feel very sick.
You climb downwards.
Reactivating autopickup.
You die...

.### ...
#.. #..
#.# #.#
#.# #@#
#......#
####.....
#...###
##...
#####


There were no monsters in sight!

Vanquished Creatures
  An adder (D:2)
  A worm (D:2)
  2 dart slugs
  4 ball pythons
  3 endoplasms
  3 giant cockroaches (D:1)
  5 goblins
  3 hobgoblins
  4 jackals (D:1)
  6 kobolds
  2 quokkas
  A bat (D:1)
  3 frilled lizards (D:1)
  5 rats (D:1)
43 creatures vanquished.

Notes
Turn   | Place    | Note
-------+----------+-------------------------------------------
     0 | D:1      | seaoflcl the Human Fighter began the quest for the Orb.
     0 | D:1      | Reached XP level 1. HP: 18/18 MP: 1/1
   108 | D:1      | Reached XP level 2. HP: 22/24 MP: 2/2
   279 | D:1      | Reached XP level 3. HP: 28/29 MP: 3/3
  1026 | D:2      | Reached XP level 4. HP: 26/35 MP: 4/4
  1271 | D:2      | Noticed Sigmund
  1281 | D:3      | Succumbed to Sigmund's poison

Illustrated notes

Levels and vault maps discovered:
D:1:      dpeg_arrival_rhombi, layout_basic, nicolae_eternal_life,
          roderic_three_in_a_row, minmay_cut_off
D:2:      minmay_door_path, layout_basic, shapermc_ecumenical_altar_rom_forum,
          uniq_sigmund, uniq_jessica, uniq_crazy_yiuf_cottage
D:3:      layout_loops_ring, minmay_between, uniq_terence

Skill      XL: |  1  2  3 |
---------------+----------+-----
Long Blades    | 3 |  3.6
Fighting       | |  3.2
Armour         | |  3.2
Shields        | |  3.2

Action                     |  1- 3 |  4- 6 || total
---------------------------+-------+-------++-------
  Melee: Long sword        |   111 |    31 ||   142
 Armour: Scale mail        |    63 |    10 ||    73
  Dodge: Dodged            |    52 |     9 ||    61
  Block: Buckler           |    28 |       ||    28
         Kite shield       |     3 |    22 ||    25
